 Dungeon Crawl Stone Soup version 0.21.0-24-g2553a33 (webtiles) character file.

123 microfolk the Skirmisher (level 5, 0/51 HPs)
             Began as a Gargoyle Berserker on Jan 21, 2018.
             Was a Believer of Trog.
             Slain by an orc priest
             ... wielding a +0 flail
              (3 damage)
             ... on level 3 of the Dungeon.
             The game lasted 00:04:11 (2721 turns).

microfolk the Skirmisher (Gargoyle Berserker)       Turns: 2721, Time: 00:04:11

Health: 0/51       AC:  7    Str: 25    XL:     5   Next: 7%
Magic:  5/5        EV: 11    Int:  8    God:    Trog [**....]
Gold:   85         SH:  0    Dex: 10    Spells: 4/4 levels left

rFire    . . .     SeeInvis .   a - +1 mace
rCold    . . .     Gourm    .   (no shield)
rNeg     + . .     Faith    .   q - +0 leather armour
rPois    ∞         Spirit   .   (no helmet)
rElec    +         Reflect  .   (no cloak)
rCorr    .         Harm     .   (no gloves)
MR       .....                  (no boots)
Stlth    ..........             (no amulet)
HPRegen  0.17/turn              (no ring)
MPRegen  0.09/turn              (no ring)

@: berserking (expiring), very quick
A: negative energy resistance 1, electricity resistance, unbreathing,
petrification resistance, rot immunity, AC +4
a: Berserk, Trog's Hand, Burn Spellbooks, Renounce Religion


You were on level 3 of the Dungeon.
You worshipped Trog.
Trog was pleased with you.
You were very hungry.

You visited 1 branch of the dungeon, and saw 3 of its levels.

You collected 85 gold pieces.

Inventory:

Hand Weapons
 a - a +1 mace (weapon)
Missiles
 d - a stone (quivered)
Armour
 q - a +0 leather armour (worn)
Jewellery
 e - a cursed ring of teleportation {unknown}
 l - an uncursed ring of protection from cold {unknown}
Scrolls
 h - a scroll of teleportation {unknown}
 i - a scroll of enchant weapon
 m - a scroll of magic mapping
 r - a scroll of blinking {unknown}
Potions
 f - 2 potions of agility {unknown}
 g - a potion of magic {unknown}
 j - 2 potions of mutation {unknown}
 k - a potion of cancellation {unknown}
 n - a potion of heal wounds {unknown}
 o - a potion of curing {unknown}
 p - 3 potions of lignification {unknown}
Comestibles
 b - a chunk of flesh
 c - 3 rations


   Skills:
 + Level 4.4 Fighting
 + Level 4.0 Maces & Flails
 + Level 3.6 Armour
 - Level 1.5 Dodging


You had 4 spell levels left.
You didn't know any spells.

Dungeon Overview and Level Annotations

Branches:
Dungeon (3/15)

Altars:
Gozag


Innate Abilities, Weirdness & Mutations

You are resistant to torment.
Your stone body is resilient. (AC +4)
You are immune to poison.
You resist negative energy. (rN+)
You are resistant to electric shocks. (rElec)
You can survive without breathing.
You are immune to petrification.
You are immune to rotting.


Message History

You sock the orc!
You kill the orc!
Trog accepts your kill.
You sock the orc!
You kill the orc!
Trog accepts your kill.
The orc priest calls down the wrath of Beogh upon you.
Beogh smites you!
* * * LOW HITPOINT WARNING * * *
A red film seems to cover your vision as you go berserk!
You feel yourself moving faster!
You feel mighty!
You are feeling very hungry.
You feel a strong urge to attack something.
The orc priest calls down the wrath of Beogh upon you.
Beogh smites you!
* * * LOW HITPOINT WARNING * * *
You sock the orc priest!
The orc priest is severely wounded.
The orc priest hits you with a flail.
You die...

#...# #o###
#..####.#
#.>.....#
#.#####.####
#..........#
#..####.##.#
#.##o#
#.##@#######
#...........
#.##.#######
#.##.#
#<##.######
#..÷........
..........#######
###########


You could see an orc priest.

Vanquished Creatures
  5 adders
  An ooze (D:1)
  3 worms (D:2)
  6 orcs
  6 bats
  2 giant cockroaches
  3 goblins (D:1)
  7 hobgoblins
  10 jackals
  3 kobolds (D:1)
  2 quokkas
  A ball python (D:1)
  3 frilled lizards
  4 rats
56 creatures vanquished.

Notes
Turn   | Place    | Note
-------+----------+-------------------------------------------
     0 | D:1      | microfolk the Gargoyle Berserker began the quest for the Orb.
     0 | D:1      | Reached XP level 1. HP: 14/14 MP: 1/1
   360 | D:1      | Reached XP level 2. HP: 19/19 MP: 2/2
   926 | D:1      | Reached XP level 3. HP: 24/24 MP: 3/3
  1060 | D:1      | Reached ** piety under Trog
  1694 | D:2      | Reached XP level 4. HP: 21/29 MP: 4/4
  2322 | D:2      | Found an opulent altar of Gozag.
  2636 | D:3      | Reached XP level 5. HP: 28/34 MP: 5/5
  2721 | D:3      | Slain by an orc priest

Skill      XL: |  1  2  3  4 |
---------------+-------------+-----
Armour         | 3 |  3.6
Fighting       | 4 |  4.4
Maces & Flails | 4 |  4.0
Dodging        | |  1.5

Action                   |  1- 3 |  4- 6 || total
-------------------------+-------+-------++-------
Melee: Mace              |   143 |    89 ||   232
Invok: Berserk           |     4 |     1 ||     5
  Use: Scroll            |       |     2 ||     2
 Stab: Sleeping          |       |     1 ||     1
  Eat: Chunk             |     7 |     3 ||    10
Armor: Animal skin       |    58 |    18 ||    76
       Leather armour    |       |    15 ||    15
Dodge: Dodged            |   118 |    52 ||   170
